 Dungeon Crawl Stone Soup version 0.32-a0-699-g1ee5eff69a (webtiles) character file.

Game seed: 14243969181048672006

25649 brae the Spear-Bearer (level 12, -11/96 HPs)
             Began as a Demonspawn Gladiator on Mar 11, 2024.
             Was an Initiate of Gozag.
             Mangled by a boulder beetle (19 damage)
             ... on level 11 of the Dungeon on Mar 13, 2024.
             The game lasted 00:47:19 (17350 turns).

brae the Spear-Bearer (Demonspawn Gladiator)       Turns: 17350, Time: 00:47:20

Health: -11/96     AC: 16    Str: 14    XL:     12   Next: 91%
Magic:  12/12      EV: 13    Int: 13    God:    Gozag
Gold:   692        SH:  0    Dex: 20    Spells: 11/11 levels left

rFire   + . .        a - +8 bardiche "Erakhits" {freeze, rF+ Int+3 Stlth+}
rCold   + . .        (shield currently unavailable)
rNeg    . . .        h - +0 chain mail of Dawn {rElec rC+ rCorr Str-5}
rPois   .            (helmet restricted)
rElec   +            t - +0 cloak
rCorr   +            j - +2 pair of gloves {Stlth+}
SInv    .            v - +0 pair of boots
Will    .....        (no amulet)
Stlth   +            E - +6 ring of dexterity
HPRegen 0.36/turn    N - +5 ring of evasion
MPRegen 0.26/turn

%: no passive effects
@: no status effects
A: antennae 2, spiny 1, magic regeneration
a: Renounce Religion, Potion Petition, Call Merchant, Bribe Branch


You were on level 11 of the Dungeon.
You worshipped Gozag.
Gozag was pleased with you.
You visited 3 branches of the dungeon, and saw 14 of its levels.

You collected 3351 gold pieces.
You spent 2018 gold pieces at shops.
You paid 641 gold pieces to Gozag.

Inventory:

Hand Weapons
 a - the +8 bardiche "Erakhits" (weapon) {freeze, rF+ Int+3 Stlth+}
   (You acquired it on level 6 of the Dungeon)

   Int+3:     It affects your intelligence (+3).
   rF+:       It protects you from fire.
   Stlth+:    It makes you more stealthy.
 b - the +3 trident "Ycoulez" {freeze, rElec rC+ MP+9}
   (You found it on level 4 of the Dungeon)

   rC+:       It protects you from cold.
   rElec:     It insulates you from electricity.
   MP+9:      It affects your magic capacity (+9).
 i - the +8 spear of Sharp Integrity {freeze, +Blink rF+ Int-5}
   (You bought it in a shop on level 2 of the Orcish Mines)

   Int-5:     It affects your intelligence (-5).
   rF+:       It protects you from fire.
   +Blink:    It lets you blink.
Missiles
 c - 3 throwing nets (quivered)
 d - 3 javelins
 w - 3 datura-tipped darts
Armour
 h - the +0 chain mail of Dawn (worn) {rElec rC+ rCorr Str-5}
   (You took it off a kobold brigand on level 7 of the Dungeon)

   Str-5:     It affects your strength (-5).
   rC+:       It protects you from cold.
   rElec:     It insulates you from electricity.
   rCorr:     It protects you from acid and corrosion.
 j - a +2 pair of gloves of stealth (worn)
 s - the +4 fire dragon scales "Gerr" {rF++ rC- Int+5}
   (You bought it in a shop on level 1 of the Orcish Mines)

   Int+5:     It affects your intelligence (+5).
   rF++:      It greatly protects you from fire.
   rC-:       It makes you vulnerable to cold.
 t - a +0 cloak (worn)
 v - a +0 pair of boots (worn)
 C - a +1 scale mail of poison resistance
Jewellery
 k - a ring of resist corrosion
 z - a +4 ring of protection
 E - a +6 ring of dexterity (left hand)
 K - a ring of resist corrosion
 N - a +5 ring of evasion (right hand)
Talismans
 l - a serpent talisman
 r - a flux talisman
Wands
 g - a wand of roots (7)
 u - a wand of flame (40)
 y - a wand of polymorph (3)
 G - a wand of mindburst (5)
 H - a wand of paralysis (5)
 J - a wand of quicksilver (7)
Scrolls
 f - 2 scrolls of revelation
 q - 2 scrolls of silence
 x - a scroll of brand weapon
 B - 3 scrolls of fear
 D - 2 scrolls of amnesia
 I - a scroll of poison
 M - a scroll of enchant armour {unknown}
Potions
 e - a potion of heal wounds
 m - 3 potions of enlightenment
 n - 6 potions of curing
 o - a potion of ambrosia
 p - 2 potions of resistance
 A - a potion of brilliance
Miscellaneous
 F - a phial of floods


   Skills:
 + Level 9.6 Fighting
 + Level 14.8 Polearms
 - Level 1.8 Throwing
 + Level 7.5 Armour
 - Level 4.0 Dodging
 - Level 5.1 Unarmed Combat
 + Level 5.5 Evocations
 - Level 1.1 Shapeshifting


You had 11 spell levels left.
You didn't know any spells.
Your spell library contained the following spells:

 Spells                   Type           Power      Damage    Failure   Level
 Mercury Vapours          Alch/Air       0%         N/A       99%         2
 Momentum Strike          Conj/Tloc      0%         3d8       99%         2
 Hailstorm                Conj/Ice       0%         3d5       100%        3
 Summon Ice Beast         Ice/Summ       0%         N/A       100%        3
 Tukima's Dance           Hex            0%         N/A       100%        3
 Volatile Blastmotes      Fire/Tloc      0%         2d10      100%        3
 Anguish                  Hex/Necr       0%         N/A       100%        4
 Cause Fear               Hex            0%         N/A       100%        4
 Fulminant Prism          Conj/Alch      0%         3d5       100%        4
 Iskenderun's Mystic Bla  Conj/Tloc      0%         2d3       100%        4
 Passage of Golubria      Tloc           0%         N/A       100%        4
 Summon Lightning Spire   Summ/Air       0%         N/A       100%        4
 Yara's Violent Unravell  Hex/Alch       0%         3d3       100%        5
 Permafrost Eruption      Ice/Erth       0%         2x4d2     100%        6
 Sculpt Simulacrum        Ice/Alch       0%         N/A       100%        6
 Enfeeble                 Hex            0%         N/A       100%        7


Dungeon Overview and Level Annotations

Branches:
Dungeon (11/15)            Temple (1/1) D:4            Lair (0/5) D:9
    Orc (2/2) D:10            Elf (0/3) Orc:2

Altars:
Ashenzari
Cheibriados
Dithmenos
Fedhas
Gozag
Hepliaklqana
Kikubaaqudgha
Makhleb
Nemelex Xobeh
Okawaru
Qazlal
Ru
Sif Muna
Trog
Uskayaw
Vehumet
Wu Jian
Xom
Yredelemnul
Jiyva

Shops:
Orc:1 [   Orc:2 (=[*

Annotations:
D:2 Sigmund
D:9 3 runed translucent doors, 4 transporters, 910rd's ghost, novice DrSh


Innate Abilities, Weirdness & Mutations

You have a pair of antennae on your head.
You are partially covered in sharp spines.
You regenerate magic rapidly.


Message History

You slash the boulder beetle! You freeze the boulder beetle.
The boulder beetle is heavily wounded.
The boulder beetle is struck by your spines.
The boulder beetle bites you but does no damage.
You hit the boulder beetle but do no damage.
The boulder beetle is heavily wounded.
The boulder beetle completely misses you.
You hit the boulder beetle but do no damage.
The boulder beetle is heavily wounded.
The boulder beetle bites you.
You barely miss the boulder beetle.
The boulder beetle is heavily wounded.
The boulder beetle bites you. x2
You barely miss the boulder beetle.
The boulder beetle is heavily wounded.
The boulder beetle bites you!
* * * LOW HITPOINT WARNING * * *
You hit the boulder beetle but do no damage.
The boulder beetle is heavily wounded.
The boulder beetle bites you!
* * * LOW HITPOINT WARNING * * *
You hit the boulder beetle. You freeze the boulder beetle.
The boulder beetle is heavily wounded.
The boulder beetle barely misses you.
You slice the boulder beetle!! You freeze the boulder beetle.
The boulder beetle is almost dead.
The boulder beetle barely misses you.
You hit the boulder beetle but do no damage.
The boulder beetle is almost dead.
The boulder beetle bites you but does no damage.
You hit the boulder beetle but do no damage.
The boulder beetle is almost dead.
The boulder beetle bites you!
* * * LOW HITPOINT WARNING * * *
The boulder beetle bites you but does no damage.
You slash the boulder beetle! You freeze the boulder beetle.
The boulder beetle is almost dead.
The boulder beetle bites you!!
You die...
Your body crumbles into a pile of gold.

. ... ....# #B...####
###....○..# ###....{###$#
###...#...# #B##
###.......⌠.# #.@#
....#^......# ##.#
#....#....#.# #.#
.##..#.#.##.# #.# ###
#..##.......# #.# #..
.##..#......# #.# ##### #..
#.....##.#..# #.#######...#
#.. .##....###..#
#......##...# #..
#...##.###..####......##...#
#..


You could see a boulder beetle.

Vanquished Creatures
  An orc warlord (Orc:2)
  2 boulder beetles (D:11)
  Erica (D:10)
  5 two-headed ogres
  4 orc high priests (Orc:2)
  Nergalle (D:11)
  4 orc sorcerers
  3 orc knights
  A kobold blastminer (Orc:2)
  3 centaur zombies (D:10)
  2 unseen horrors
  A centaur skeleton (D:10)
  A kobold demonologist (D:11)
  3 shadows
  A centaur simulacrum (D:10)
  3 wraiths
  9 yaks
  A vampire (D:11)
  2 wargs (D:10)
  3 wyverns
  5 steam dragons
  2 vampire mosquitoes (D:11)
  2 acid dragons
  Duvessa (D:6)
  2 water moccasins
  A black bear (D:5)
  An ice beast (D:5)
  36 orc warriors
  2 ogres
  6 centaurs
  A phantom (D:5)
  3 kobold brigands
  A gnoll sergeant (D:8)
  2 scorpions
  5 wights (D:9)
  3 jellies
  Dowan (D:6)
  19 killer bees
  2 howler monkeys (D:5)
  4 electric eels (D:10)
  A bombardier beetle (D:3)
  20 orc priests
  A hound (D:6)
  Jessica (D:2)
  2 iguanas (D:6)
  19 orc wizards
  Terence (D:1)
  8 gnolls
  5 adders
  A shadow imp (D:7)
  A white imp (D:6)
  2 ufetubi (D:6)
  3 dart slugs
  2 ribbon worms
  62 orcs
  5 endoplasms
  A giant cockroach (D:1)
  7 hobgoblins
  5 jackals (D:1)
  23 kobolds
  A quokka (D:1)
  7 ball pythons
  7 bats
  4 frilled lizards
  5 goblins
  A rat (D:2)
345 creatures vanquished.

Vanquished Creatures (others)
  An orc (D:9)
1 creature vanquished.

Grand Total: 346 creatures vanquished

Notes
Turn   | Place    | Note
-------+----------+-------------------------------------------
     0 | D:1      | brae the Demonspawn Gladiator began the quest for the Orb.
     0 | D:1      | Reached XP level 1. HP: 16/16 MP: 1/1
    75 | D:1      | Gained mutation: You are partially covered in sharp spines.
                  | [demonic ancestry]
    75 | D:1      | Reached XP level 2. HP: 1/22 MP: 2/2
   484 | D:1      | Reached XP level 3. HP: 17/27 MP: 3/3
   709 | D:2      | Noticed Terence
   746 | D:1      | Killed Terence
   747 | D:1      | Reached XP level 4. HP: 3/34 MP: 4/4
   887 | D:2      | Found a faded altar of an unknown god.
   993 | D:2      | Noticed Jessica
   998 | D:2      | Killed Jessica
   999 | D:2      | Reached skill level 1 in Armour
  1078 | D:2      | Noticed Sigmund
  1650 | D:3      | Got the Teachings on the Brumous Manifold
  1925 | D:3      | Identified the +0 dagger "Laalathi" {speed, rF+ rC- Int+4
                  | Dex+3}
  1942 | D:3      | Reached XP level 5. HP: 39/39 MP: 5/5
  1942 | D:3      | Upgraded the game from 0.32-a0-675-gdc239d62e1 to
                  | 0.32-a0-699-g1ee5eff69a
  2275 | D:3      | Reached skill level 1 in Shapeshifting
  2408 | D:3      | Reached skill level 5 in Unarmed Combat
  2461 | D:3      | Reached XP level 6. HP: 34/46 MP: 6/6
  3066 | D:4      | Identified the +3 trident "Ycoulez" {freeze, rElec rC+
                  | MP+9}
  3085 | D:4      | Found a staircase to the Ecumenical Temple.
  3121 | Temple   | Entered the Ecumenical Temple
  3161 | Temple   | Became a worshipper of Gozag Ym Sagoz the Greedy
  3622 | D:4      | Reached skill level 1 in Polearms
  3818 | D:5      | Entered Level 5 of the Dungeon
  3903 | D:5      | Reached skill level 2 in Polearms
  4029 | D:5      | Reached skill level 3 in Polearms
  4051 | D:5      | Identified the +2 leather armour of the Dancing Gods
                  | {Rampage rElec}
  4107 | D:5      | Noticed an ice beast
  4119 | D:5      | Killed an ice beast
  4120 | D:5      | Gained mutation: You have a pair of small antennae on your
                  | head. [demonic ancestry]
  4120 | D:5      | Reached XP level 7. HP: 51/51 MP: 7/7
  4369 | D:5      | Reached skill level 4 in Polearms
  4459 | D:5      | Reached skill level 5 in Polearms
  4665 | D:6      | Found a snail-covered altar of Cheibriados.
  4717 | D:6      | Found a shadowy altar of Dithmenos.
  5057 | D:6      | Noticed Duvessa
  5071 | D:6      | Noticed Dowan
  5072 | D:6      | Killed Duvessa
  5076 | D:6      | Killed Dowan
  5077 | D:6      | Reached skill level 6 in Polearms
  5077 | D:6      | Reached XP level 8. HP: 34/57 MP: 8/8
  5516 | D:6      | Reached skill level 7 in Polearms
  6057 | D:6      | Identified a scroll of acquirement
  6057 | D:6      | Acquired the +8 bardiche "Erakhits" {freeze, rF+ Int+3
                  | Stlth+}
  6274 | D:7      | Found an iron altar of Okawaru.
  6465 | D:7      | Found a stormy altar of Qazlal.
  6582 | D:7      | Reached skill level 8 in Polearms
  6739 | D:7      | Identified the +0 chain mail of Dawn {rElec rC+ rCorr
                  | Str-5}
  6763 | D:7      | Reached XP level 9. HP: 51/64 MP: 9/9
  7641 | D:8      | Identified the +10 whip "Vimyeng" {freeze, rN+++ Will+ MP-9
                  | Str-3}
  7828 | D:8      | Reached skill level 9 in Polearms
  8308 | D:9      | Noticed a two-headed ogre
  8314 | D:9      | Noticed a two-headed ogre
  8443 | D:8      | Reached skill level 10 in Polearms
  8645 | D:9      | Gained mutation: You regenerate magic rapidly. [demonic
                  | ancestry]
  8645 | D:9      | Reached XP level 10. HP: 73/73 MP: 10/10
  8678 | D:9      | Found a sacrificial altar of Ru.
  8700 | D:9      | Reached skill level 5 in Armour
  8736 | D:9      | Found a runed translucent gate.
  8736 | D:9      | Found a runed translucent gate.
  8736 | D:9      | Found a runed translucent gate.
  8737 | D:9      | Noticed 910rd's ghost (novice DrSh)
  8836 | D:9      | Reached skill level 5 in Fighting
  8848 | D:9      | Found a basalt altar of Yredelemnul.
  9043 | D:9      | Killed a two-headed ogre
  9044 | D:9      | Reached skill level 11 in Polearms
  9059 | D:9      | Killed a two-headed ogre
  9245 | D:9      | Found a transporter.
  9331 | D:9      | Found a staircase to the Lair.
  9378 | D:9      | Found a transporter.
  9466 | D:9      | Found a transporter.
  9484 | D:9      | Found a transporter.
  9565 | D:9      | Found a viscous altar of Jiyva.
  9596 | D:10     | Entered Level 10 of the Dungeon
  9632 | D:10     | Identified the +1 dagger of Eheon {freeze, rPois Str+6
                  | Dex+4 Stlth+}
  9731 | D:10     | Noticed Erica
  9747 | D:10     | Killed Erica
  9748 | D:10     | Reached skill level 1 in Evocations
 10041 | D:10     | Found a staircase to the Orcish Mines.
 10065 | D:10     | Gained mutation: You have a pair of antennae on your head.
                  | [demonic ancestry]
 10065 | D:10     | Reached XP level 11. HP: 81/81 MP: 11/11
 10308 | D:10     | Reached skill level 12 in Polearms
 11000 | Orc:1    | Entered Level 1 of the Orcish Mines
 11000 | Orc:1    | Noticed an orc sorcerer
 11224 | Orc:1    | Killed an orc sorcerer
 11323 | Orc:1    | Noticed a two-headed ogre
 11334 | Orc:1    | Killed a two-headed ogre
 11635 | Orc:1    | Found Feut's Antique Armour Boutique.
 11652 | Orc:1    | Bought distressingly furry fire dragon scales for 1625 gold
                  | pieces
 11652 | Orc:1    | Identified the +4 fire dragon scales "Gerr" {rF++ rC-
                  | Int+5} (You bought it in a shop on level 1 of the Orcish
                  | Mines)
 11713 | Orc:2    | Entered Level 2 of the Orcish Mines
 11713 | Orc:2    | Noticed a two-headed ogre
 11732 | Orc:1    | Killed a two-headed ogre
 13248 | Orc:2    | Found a staircase to the Elven Halls.
 13356 | Orc:2    | Noticed an orc knight
 13356 | Orc:2    | Noticed an orc high priest
 13710 | Orc:2    | Noticed a soul eater
 13773 | Orc:2    | Noticed an orc sorcerer
 13783 | Orc:2    | Killed an orc sorcerer
 13784 | Orc:2    | Reached skill level 13 in Polearms
 13789 | Orc:2    | Noticed an orc warlord
 14064 | Orc:2    | Noticed an orc sorcerer
 14066 | Orc:2    | Noticed a sixfirhy
 14199 | Orc:2    | Noticed an orc knight
 14369 | Orc:1    | Killed an orc sorcerer
 14387 | Orc:1    | Killed an orc knight
 14429 | Orc:2    | Noticed an orc high priest
 14431 | Orc:2    | Noticed a sun demon
 14525 | Orc:2    | Noticed an orc knight
 14542 | Orc:1    | Killed an orc knight
 14543 | Orc:1    | Reached XP level 12. HP: 42/92 MP: 12/12
 15231 | Orc:2    | Killed an orc high priest
 15232 | Orc:2    | Noticed an orc high priest
 15238 | Orc:2    | Killed an orc high priest
 15239 | Orc:2    | Reached skill level 5 in Evocations
 15319 | Orc:2    | Killed an orc high priest
 15356 | Orc:2    | HP: 1/94 [orc warlord/+0 great mace of protection (25)]
 15362 | Orc:2    | Killed an orc warlord
 15733 | Orc:2    | Noticed an orc high priest
 15740 | Orc:2    | Killed an orc high priest
 15975 | Orc:2    | Found Aptar's Antique Armour Boutique.
 15976 | Orc:2    | Found Nimegace's Antique Weapon Shop.
 15977 | Orc:2    | Found Verosy's General Store.
 15977 | Orc:2    | Found Bolatwy's Jewellery Boutique.
 15992 | Orc:2    | Bought a fine spear for 168 gold pieces
 15992 | Orc:2    | Identified the +8 spear of Sharp Integrity {freeze, +Blink
                  | rF+ Int-5} (You bought it in a shop on level 2 of the
                  | Orcish Mines)
 15993 | Orc:2    | Bought a pair of runed gloves for 225 gold pieces
 16273 | D:11     | Reached skill level 14 in Polearms
 16431 | D:11     | Noticed a two-headed ogre
 16434 | D:11     | Killed a two-headed ogre
 16731 | D:11     | Noticed Nergalle
 16736 | D:11     | Killed Nergalle
 16760 | D:11     | Noticed a boulder beetle
 16816 | D:11     | Killed a boulder beetle
 16878 | D:11     | Noticed an ogre mage
 16916 | D:11     | Noticed a boulder beetle
 16925 | D:11     | Killed a boulder beetle
 16927 | D:11     | Noticed a centaur warrior
 17332 | D:11     | Noticed a boulder beetle
 17350 | D:11     | Mangled by a boulder beetle

Illustrated notes

Levels and vault maps discovered:
D:1:      psy_arrival_whirlpool, layout_basic, minmay_tetromino_s2
D:2:      layout_basic, dreamdust_ecumenical_altar_sealed_demon, dk_vineyard_2,
          patterned_corridor, uniq_terence, uniq_sigmund, uniq_jessica
D:3:      layout_basic
D:4:      layout_basic, temple_statues
D:5:      layout_gridville, lemuel_round_altar
D:6:      layout_loops_corners, mainiacjoe_overflow_24_doors,
          jmf_multi_god_temple, uniq_duvessa
D:7:      layout_basic, okawaru_metal_pillars_3,
          nicolae_qazlal_general_emergency
D:8:      layout_gridville
D:9:      layout_basic, mainiacjoe_overflow_paths,
          mainiacjoe_overflow_small_starburst, lair_entry_dummy,
          gammafunk_ghost_ooze, minmay_misc_feat_enclosed,
          nicolae_transporter_intersection
D:10:     layout_basic, david_orc_1_choice, hangedman_weighted_door,
          chequers_big_river, minmay_misc_feat_hallway, serial_bayou_pond_d,
          uniq_erica
D:11:     regret_index_wax_grids, layout_basic, bh_walls_and_bars, uniq_nergalle
Temple:   nicolae_temple_ecumenical_triangle
Orc:1:    layout_diamond_mine, serial_shops, nicolae_shop_waterfront
Orc:2:    st_orc_congregation, layout_caves, nicolae_orc_minecarts

Skill      XL: |  1  2  3  4  5  6  7  8  9 10 11 12 |
---------------+-------------------------------------+-----
Unarmed Combat | 3 4 5 |  5.1
Dodging        | 3 4 |  4.0
Armour         | 1 3 4 5 6 7 |  7.5
Shapeshifting  | 1 |  1.1
Polearms       | 3 6 8 10 11 13 14 | 14.8
Fighting       | 3 4 6 8 9 |  9.6
Evocations     | 2 4 5 |  5.5
Throwing       | |  1.8

Action                     |  1- 3 |  4- 6 |  7- 9 | 10-12 || total
---------------------------+-------+-------+-------+-------++-------
  Melee: Unarmed           |    91 |   106 |       |       ||   197
         Punch             |       |     4 |       |       ||     4
         Trident           |       |    42 |    71 |       ||   113
         Bardiche          |       |       |   108 |   471 ||   579
 Invoke: Potion Petition   |       |       |       |     1 ||     1
  Evoke: Wand              |       |       |       |     6 ||     6
         Phial of floods   |       |       |       |     1 ||     1
    Use: Potion            |       |     2 |     1 |     4 ||     7
         Scroll            |       |       |    18 |     9 ||    27
   Stab: Sleeping          |       |     2 |       |       ||     2
         Distracted        |       |     1 |     2 |     5 ||     8
 Armour: Leather armour    |    53 |    59 |    27 |       ||   139
         Scale mail        |       |       |    46 |       ||    46
         Chain mail        |       |       |    68 |   414 ||   482
  Dodge: Dodged            |    47 |    49 |    65 |   299 ||   460

Table legend: (Time is in decaauts)
 A = Elapsed time spent in this place.
 B = Non-inter-level travel time spent in this place.
 C = Inter-level travel time spent in this place.
 D = Time resting spent in this place.
 E = Time spent auto-exploring this place.
 F = Levels seen in this place.
 G = Mean time per level.
                   A        B        C        D        E       F      G
               +--------+--------+--------+--------+--------+-----+--------+
         Total |  17582 |  16775 |    807 |   4632 |   8279 |  14 | 1255.9 |
       Dungeon |  12461 |  12196 |    265 |   2232 |   7355 |  11 | 1132.8 |
        Temple |     49 |     49 |      0 |      0 |      0 |   1 |   49.0 |
  Orcish Mines |   5071 |   4529 |    542 |   2400 |    924 |   2 | 2535.5 |
               +--------+--------+--------+--------+--------+-----+--------+

Top non-repeatable levels by time:
   Orc:1: 3899 daAuts
    D:10: 1707 daAuts
     D:6: 1414 daAuts
     D:7: 1193 daAuts
   Orc:2: 1171 daAuts
     D:8: 1164 daAuts
    D:11: 1141 daAuts
     D:9: 1137 daAuts
     D:3: 1136 daAuts
     D:4: 1009 daAuts
     D:5: 937 daAuts
     D:2: 809 daAuts
     D:1: 809 daAuts
  Temple: 49 daAuts
